Map: Ephemeron LE

Players

susanoo - Winner!

  • Race: Zerg Zerg
  • League: Diamond
  • Spawn Location: 5:00

A.I. 1 (Very Easy)

  • Race: Protoss Protoss
  • Spawn Location: 11:00

VOD

Have the link to the VOD?

Description

Time

  • Played on: Dec. 12, 2019, 10:30 p.m.
  • Length: 7:30
Show
View Real Time Build Order
Export as new Build Order

susanoo Zerg - Winner!

Build Orders: Pool First 

Get SALT Encoding   

  12  0:02  Drone  
  13  0:12  Overlord  
  13  0:17  Drone  
  14  0:30  Drone  
  14  0:31  Drone  
  14  0:35  Drone  
  17  0:44  Extractor  
  16  0:50  Spawning Pool  
  16  0:52  Drone  
  16  0:56  Drone  
  17  1:19  Hatchery  
  17  1:24  Drone  
  17  1:27  Drone  
  17  1:31  Drone  
  19  1:39  Zergling x2  
  20  1:45  Queen  
  22  1:53  Metabolic Boost  
  22  2:05  Overlord  
  22  2:23  Queen  
  22  2:25  Drone x3  
  27  2:32  Queen  
  27  2:34  Drone  
  30  2:41  Overlord  
  30  2:47  Drone x2  
  32  2:56  Drone x3  
  34  3:04  Lair  
  34  3:07  Drone  
  35  3:13  Drone x3  
  35  3:16  Drone  
  39  3:24  Roach Warren  
  39  3:26  Evolution Chamber  
  37  3:29  Evolution Chamber  
  36  3:35  Queen  
  36  3:38  Drone  
  39  3:50  Drone  
  39  3:51  Overlord  
  39  3:52  Drone x4  
  44  3:59  Extractor  
  44  4:00  Extractor  
  42  4:07  Zerg Melee Weapons Level 1, Extractor  
  41  4:10  Drone  
  41  4:11  Drone  
  41  4:15  Spire  
  42  4:21  Drone x2  
  42  4:22  Drone  
  42  4:24  Drone x3  
  48  4:35  Overlord  
  48  4:36  Drone x2  
  50  4:42  Drone x2  
  52  4:53  Overlord  
  52  4:55  Drone  
  52  4:56  Overlord x3  
  53  5:13  Zergling x12  
  59  5:30  Hatchery  
  58  5:36  Mutalisk  
  58  5:37  Mutalisk x5  
  58  5:40  Mutalisk  
  72  5:54  Mutalisk x2  
  72  5:56  Overlord  
  72  5:57  Overlord x2  
  76  6:02  Zergling x6  
  79  6:07  Zergling x2  
  80  6:13  Mutalisk x2  
  80  6:17  Mutalisk  
  86  6:19  Zergling x2  
  86  6:20  Zergling x2  
  86  6:25  Baneling Nest  
  87  6:37  Zergling x6  
  90  6:44  Zergling x10  
  93  6:49  Queen  
  94  6:55  Zergling x6  
  94  6:56  Zergling x4  
  99  7:18  Roach Warren  
  98  7:26  Infestation Pit  
Show
View Real Time Build Order
Export as new Build Order

A.I. 1 (Very Easy) Protoss 

Build Orders:  

Get SALT Encoding   

  12  0:00  Probe  
  13  0:13  Probe  
  14  0:20  Pylon  
  14  0:36  Assimilator  
  14  0:42  Gateway  
  14  0:46  Pylon  
  14  1:14  Assimilator  
  14  1:16  Probe  
  14  1:24  Probe  
  15  1:32  Probe  
  16  1:34  Cybernetics Core  
  17  1:42  Probe  
  18  1:54  Probe  
  18  2:00  Warp Gate  
  19  2:03  Probe  
  20  2:13  Stalker  
  22  5:17  Zealot  
  22  5:19  Probe, Pylon  
  25  5:21  Robotics Facility  
  25  5:28  Probe  
  26  5:36  Probe  
  27  5:45  Probe  
  28  5:53  Pylon  
  28  5:57  Probe  
  29  6:10  Observer, Probe  
  29  6:12  Zealot  
  31  6:28  Probe  
  31  6:31  Observer  
  32  6:41  Zealot  
  30  6:52  Probe  
  11  7:04  Probe  
Tags
 
League
Diamond
Matchup
PvZ
Opening
Pool First
Spawn Locations
Cross Positions
Add a new tag
Caveats
  • Supply blocks, unpowered buildings, or Contaminate may cause inaccurate times.
  • Supply counts are checked every 10 seconds.